Map: Бюро находок РВ

Players

HOPERHAF - Winner!

  • Race: Zerg Zerg
  • League: Diamond
  • Spawn Location: 7:00

ИИ 2 (новичок)

  • Race: Zerg Zerg
  • Spawn Location: 1:00

VOD

Have the link to the VOD?

Description

Time

  • Played on: May 28, 2018, 3:12 p.m.
  • Length: 4:02
Show
View Real Time Build Order
Export as new Build Order

HOPERHAF Zerg - Winner!

Build Orders: Pool First 

Get SALT Encoding   

  12  0:01  Drone  
  13  0:12  Overlord  
  13  0:18  Drone  
  14  0:31  Drone x2  
  14  0:35  Drone  
  17  0:45  Spawning Pool  
  17  0:47  Extractor  
  17  0:49  Drone  
  16  1:11  Hatchery  
  15  1:22  Overlord  
  15  1:31  Queen  
  17  1:40  Zergling x4  
  19  1:51  Metabolic Boost  
  19  2:02  Zergling x4  
  19  2:03  Zergling x2  
  22  2:16  Overlord  
  22  2:23  Zergling x2  
  22  2:24  Zergling x2  
  22  2:25  Queen  
  26  2:34  Zergling x4  
  28  2:42  Zergling x6  
  30  2:47  Overlord  
  29  2:51  Zergling x2  
  29  2:57  Zergling x2  
  31  2:59  Zergling x2  
  32  3:07  Zergling x2  
  32  3:12  Zergling x2  
  34  3:16  Zergling x6  
  37  3:23  Zergling x4  
  39  3:32  Zergling x2  
  38  3:35  Zergling x6  
  41  3:42  Zergling x4  
Show
View Real Time Build Order
Export as new Build Order

ИИ 2 (новичок) Zerg 

Build Orders: Pool Only 

Get SALT Encoding   

  12  0:01  Drone  
  13  0:12  Overlord  
  13  0:16  Drone  
  14  0:35  Spawning Pool  
  14  0:37  Extractor  
  14  0:39  Drone  
  13  0:47  Drone  
  14  0:52  Overlord  
  14  1:22  Zergling x2  
  14  1:23  Queen  
  17  1:30  Roach Warren  
  16  1:33  Drone  
  16  1:37  Extractor  
  16  1:41  Drone, Zergling x2  
  18  1:55  Drone  
  18  2:00  Zergling x2  
  20  2:06  Drone  
  21  2:16  Drone  
  22  2:27  Drone  
  22  2:29  Overlord  
  23  2:34  Drone  
  24  2:42  Drone  
  25  3:30  Zergling x2  
  23  3:43  Drone  
  12  3:50  Drone  
Tags
 
Add a new tag
Caveats
  • Supply blocks, unpowered buildings, or Contaminate may cause inaccurate times.
  • Supply counts are checked every 10 seconds.